 Dungeon Crawl Stone Soup version 0.25.0-11-g1f837a76a1 (webtiles) character file.

Game seed: 11185039704522361731

30 Esekla the Grave Robber (level 3, -5/23 HPs)
             Began as an Octopode Necromancer on June 27, 2020.
             Slain by a worm (9 damage)
             ... on level 2 of the Dungeon.
             The game lasted 00:16:58 (2066 turns).

Esekla the Grave Robber (Octopode Necromancer)      Turns: 2066, Time: 00:16:58

Health: -5/23      AC:  1    Str:  8    XL:     3   Next: 20%
Magic:  3/6        EV: 13    Int: 17    God:
Gold:   55         SH:  0    Dex: 12    Spells: 3/7 levels left

rFire    . . .     SeeInvis .   c - +0 dagger
rCold    . . .     Gourm    .   (no shield)
rNeg     . . .     Faith    .   (helmet restricted)
rPois    .         Spirit   .   (no amulet)
rElec    .         Reflect  .   (no ring)
rCorr    .         Harm     .   (no ring)
MR       .....                  (no ring)
Stlth    +++.......             (no ring)
HPRegen  0.07/turn              (no ring)
MPRegen  0.10/turn              (no ring)
                                (no ring)
                                (no ring)

@: very slightly contaminated, lightly drained
A: almost no armour, stealthy swim, amphibious, 8 rings, constrict 8, camouflage
1, gelatinous body 1
a: no special abilities


You were on level 2 of the Dungeon.
You were not hungry.

You visited 1 branch of the dungeon, and saw 2 of its levels.

You collected 55 gold pieces.

Inventory:

Hand Weapons
 c - a +0 dagger (weapon)
Missiles
 g - 4 boomerangs (quivered)
Scrolls
 d - a scroll of identify {unknown}
 e - a scroll of teleportation {unknown}
Potions
 a - a potion of stabbing {unknown}
 f - a potion of curing {unknown}
 h - a potion of flight {unknown}
 i - a potion of degeneration {unknown}
Comestibles
 b - a ration


   Skills:
 * Level 1.0(0.6) Fighting
 + Level 0.4(0.0) Short Blades
 * Level 2.5(2.1) Dodging
 - Level 2.6(2.2) Stealth
 * Level 2.5(2.1) Spellcasting
 + Level 4.0(3.6) Necromancy


You had 3 spell levels left.
You knew the following spells:

 Your Spells              Type           Power        Failure   Level  Hunger
a - Pain                  Necr           ##..         4%          1    #......
d - Vampiric Draining     Necr           ##........   13%         3    ###....

Your spell library contained the following spells:

 Spells                   Type           Power        Failure   Level  Hunger
 Animate Skeleton         Necr           N/A          4%          1    #......
 Animate Dead             Necr           N/A          41%         4    #####..
 Agony                    Necr           ##......     77%         5    ######.


Dungeon Overview and Level Annotations

Branches:
Dungeon (2/15)

Altars:


Innate Abilities, Weirdness & Mutations

You cannot wear most types of armour.
You are very stealthy in the water. (Stealth+)
You are amphibious.
You can wear up to eight rings at the same time.
You can use your tentacles to constrict eight enemies at once.
Your skin changes colour to match your surroundings (Stealth+).
Your rubbery body absorbs attacks. (AC +1, EV +1)


Message History

There is a stone staircase leading up, spattered with blood here.
You hit the worm. You grab the worm.
The worm is lightly wounded.
You constrict the worm.
Casting: Vampiric Draining (quite dangerous; 11% risk of failure)
Confirm with . or Enter, or press ? or * to list all spells.
The spell is quite dangerous to cast (11% risk of failure)!
Continue anyway?
Okay, then.
Casting: Vampiric Draining (quite dangerous; 11% risk of failure)
Confirm with . or Enter, or press ? or * to list all spells.
The spell is quite dangerous to cast (11% risk of failure)!
Continue anyway?
Aiming: Vampiric Draining (quite dangerous; 11% risk of failure)
Press: ? - help, Shift-Dir - straight line, f - worm
Aim: a worm (moderately wounded, constricted by you)
You miscast Vampiric Draining.
You are very lightly contaminated with residual magic.
Strange energies run through your body!
You feel drained.
* * * LOW HITPOINT WARNING * * *
You constrict the worm. The worm bites you!
You die...

#...# #...# #w#
#.# #.#######
#.w.....#
#######.# #w# ####
#### #@# ..# #..
#รท# #.# #.# #.
#.# #.####.###.
#.### #......>...
#.#.## #..........
#..#.###.####.###.
.###.###g##.# #.#
#. #......##l#.#
#.# #
#.###....w##.##
#.#


You could see a worm.

Vanquished Creatures
  A worm (D:2)
  3 dart slugs
  A bat (D:1)
  2 giant cockroaches (D:1)
  5 hobgoblins
  A frilled lizard (D:2)
  A goblin (D:1)
  5 kobolds
  A rat (D:1)
20 creatures vanquished.

Notes
Turn   | Place    | Note
-------+----------+-------------------------------------------
     0 | D:1      | Esekla the Octopode Necromancer began the quest for the
                  | Orb.
     0 | D:1      | Reached XP level 1. HP: 11/11 MP: 3/3
   274 | D:1      | Reached XP level 2. HP: 18/18 MP: 5/5
  1591 | D:2      | Reached XP level 3. HP: 13/22 MP: 4/6
  1725 | D:1      | Learned a level 3 spell: Vampiric Draining
  1731 | D:2      | Reached skill level 1 in Fighting
  2066 | D:2      | Slain by a worm

Illustrated notes

Levels and vault maps discovered:
D:1:      psy_arrival_whirlpool, layout_basic
D:2:      layout_loops_ring, grunt_ashenzari_visionary
          [grunt_ashenzari_visionary_shoals, grunt_ashenzari_visionary_spider]

Skill      XL: |  1  2  3 |
---------------+----------+-----
Fighting       | 1 |  1.0
Short Blades   | |  0.4
Dodging        | |  2.5
Stealth        | |  2.6
Spellcasting   | |  2.5
Necromancy     | |  4.0

Action                   || total
-------------------------++-------
Melee: Dagger            ||    42
       Constrict         ||    12
       Tentacles         ||     9
 Cast: Pain              ||     7
       Vampiric Draining ||     1
 Stab: Sleeping          ||     7
  Eat: Chunk             ||     1
       Ration            ||     1
Armor: Skin              ||     2
Dodge: Dodged            ||    17
